 Dungeon Crawl Stone Soup version 0.25.0-15-gac7dcb8919 (webtiles) character file.

Game seed: 18202298719777571703

266 Peloso the Slasher (level 6, -1/47 HPs)
             Began as a Demonspawn Fighter on June 29, 2020.
             Slain by Edmund
             ... wielding a +1 flail of protection
              (2 damage)
             ... on level 4 of the Dungeon.
             The game lasted 00:04:24 (3488 turns).

Peloso the Slasher (Demonspawn Fighter)             Turns: 3488, Time: 00:04:25

Health: -1/47      AC:  9    Str: 18    XL:     6   Next: 0%
Magic:  6/6        EV:  7    Int: 10    God:
Gold:   171        SH:  9    Dex: 12    Spells: 5/5 levels left

rFire    . . .     SeeInvis .   a - +0 long sword
rCold    . . .     Gourm    .   c - +0 kite shield
rNeg     . . .     Faith    .   b - +0 scale mail
rPois    .         Spirit   .   (no helmet)
rElec    .         Reflect  .   (no cloak)
rCorr    .         Harm     .   (no gloves)
MR       .....                  (no boots)
Stlth    ..........             (no amulet)
HPRegen  0.15/turn              e - ring of wizardry
MPRegen  0.10/turn              (no ring)

@: mighty
A: claws 1, slimy green scales 2, powered by death 1
a: no special abilities


You were on level 4 of the Dungeon.
You were not hungry.

You visited 1 branch of the dungeon, and saw 4 of its levels.

You collected 171 gold pieces.

Inventory:

Hand Weapons
 a - a +0 long sword (weapon)
Missiles
 l - 21 bolts
Armour
 b - a +0 scale mail (worn)
 c - a +0 kite shield (worn)
Jewellery
 e - a ring of wizardry (left claw)
Wands
 n - a wand of iceblast (14)
Scrolls
 g - 5 scrolls of identify {unknown}
 h - 3 scrolls of remove curse {unknown}
 i - 2 scrolls of blinking {unknown}
 k - a scroll of fog {unknown}
 m - 3 scrolls of teleportation {unknown}
 p - 2 scrolls of enchant armour {unknown}
 s - a scroll of amnesia {unknown}
Potions
 o - a potion of curing
 q - a potion of flight {unknown}
Comestibles
 f - 9 rations


   Skills:
 + Level 3.4 Fighting
 + Level 3.9 Long Blades
 + Level 3.3 Armour
 + Level 1.2 Dodging
 + Level 0.1 Stealth
 + Level 3.8 Shields


You had 5 spell levels left.
You didn't know any spells.
Your spell library was empty.

Dungeon Overview and Level Annotations

Branches:
Dungeon (4/15)
 Temple: D:4-7

Altars:
Cheibriados

Annotations:
D:4 Edmund


Innate Abilities, Weirdness & Mutations

You have sharp fingernails.
You are mostly covered in slimy green scales. (AC +3)
You regenerate a little health from kills.


Message History

Edmund is heavily wounded.
You block Edmund's attack.
Your shield prevents you from hitting Edmund.
Edmund is heavily wounded.
Edmund hits you but does no damage.
You hit Edmund.
Edmund is severely wounded.
Edmund hits you with a +1 flail of protection.
* * * LOW HITPOINT WARNING * * *
You closely miss Edmund.
Edmund is severely wounded.
Edmund barely misses you.
You hit Edmund but do no damage.
Edmund is severely wounded.
Edmund hits you with a +1 flail of protection.
* * * LOW HITPOINT WARNING * * *
You closely miss Edmund.
Edmund is severely wounded.
Edmund hits you with a +1 flail of protection.
You die...

...........................#
...........................#
...........................#
...........................#
#..........................#
##......#.................##
...#######.###[....#......#
..# #.##.........##
#.#....@......#
#.#.#..@.......
...#.........#
#.###.........# ...
#.......... .. ..........#
#..#.#.####. ........


You could see Edmund.

Vanquished Creatures
  A bullfrog zombie (D:2)
  An orc wizard (D:3)
  Terence (D:2)
  11 adders
  An ooze (D:3)
  2 dart slugs
  3 leopard geckos
  6 orcs
  7 bats
  A giant cockroach (D:3)
  6 goblins
  6 hobgoblins
  6 jackals
  5 frilled lizards
  7 kobolds
  6 rats
70 creatures vanquished.

Notes
Turn   | Place    | Note
-------+----------+-------------------------------------------
     0 | D:1      | Peloso the Demonspawn Fighter began the quest for the Orb.
     0 | D:1      | Reached XP level 1. HP: 18/18 MP: 1/1
   253 | D:1      | Gained mutation: You are partially covered in slimy green
                  | scales. (AC +2) [demonic ancestry]
   253 | D:1      | Reached XP level 2. HP: 24/24 MP: 2/2
   849 | D:1      | Gained mutation: You regenerate a little health from kills.
                  | [demonic ancestry]
   849 | D:1      | Reached XP level 3. HP: 27/29 MP: 3/3
  1028 | D:2      | Noticed Terence
  1039 | D:2      | Killed Terence
  1127 | D:2      | Gained mutation: You have sharp fingernails. [demonic
                  | ancestry]
  1127 | D:2      | Reached XP level 4. HP: 30/35 MP: 4/4
  1983 | D:3      | Reached skill level 1 in Dodging
  2047 | D:3      | Reached XP level 5. HP: 34/41 MP: 5/5
  2081 | D:3      | Found a snail-covered altar of Cheibriados.
  3299 | D:4      | Gained mutation: You are mostly covered in slimy green
                  | scales. (AC +3) [demonic ancestry]
  3299 | D:4      | Reached XP level 6. HP: 32/47 MP: 6/6
  3458 | D:4      | Noticed Edmund
  3487 | D:4      | HP: 1/47 [Edmund/+1 flail of protection (6)]
  3488 | D:4      | Slain by Edmund

Illustrated notes

Levels and vault maps discovered:
D:1:      onia_arrival_pyramid, layout_loops_ring
D:2:      layout_loops_ring, uniq_terence
D:3:      layout_rooms, cheibriados_altar_1
D:4:      layout_rooms, fiery_altar_vehumet, uniq_edmund

Skill      XL: |  1  2  3  4 |
---------------+-------------+-----
Long Blades    | 2 3 |  3.9
Shields        | 3 |  3.8
Armour         | 3 |  3.3
Dodging        | 1 |  1.2
Fighting       | |  3.4
Stealth        | |  0.1

Action                   |  1- 3 |  4- 6 || total
-------------------------+-------+-------++-------
Melee: Long sword        |   120 |   237 ||   357
  Use: Potion            |       |     4 ||     4
  Eat: Chunk             |     1 |     8 ||     9
Armor: Scale mail        |    64 |    99 ||   163
Dodge: Dodged            |    44 |    96 ||   140
Block: Kite shield       |    56 |   118 ||   174
       Rpst.: Long sword |    13 |    25 ||    38
